Map: Cyber Forest LE

Players

ramzan

  • Race: Protoss Protoss
  • Spawn Location: 5:00

Mez - Winner!

  • Race: Terran Terran
  • League: Master
  • Spawn Location: 11:00

VOD

Have the link to the VOD?

Description

Time

  • Played on: Aug. 6, 2019, 1:23 p.m.
  • Length: 18:03
Show
View Real Time Build Order
Export as new Build Order

ramzan Protoss 

Build Orders: 1 Gate Expand, Colossus Rush 

Get SALT Encoding   

  12  0:00  Probe  
  13  0:12  Probe  
  14  0:19  Pylon  
  14  0:23  Probe  
  15  0:33  Probe  
  15  0:38  Gateway  
  15  0:42  Probe  
  16  0:47  Assimilator  
  17  0:53  Probe  
  18  1:01  Probe  
  18  1:09  Probe  
  20  1:20  Probe  
  21  1:27  Cybernetics Core  
  21  1:37  Nexus  
  21  1:46  Assimilator  
  21  1:50  Pylon  
  21  1:55  Stalker  
  21  2:07  Warp Gate  
  23  2:09  Probe  
  24  2:21  Probe  
  25  2:23  Stalker  
  27  2:33  Probe  
  27  2:35  Robotics Facility  
  28  2:45  Probe  
  28  2:47  Gateway  
  28  2:50  Gateway  
  29  2:52  Probe  
  30  2:58  Probe  
  30  3:02  Pylon  
  30  3:05  Probe  
  32  3:12  Probe, Pylon  
  33  3:17  Probe  
  33  3:19  Observer  
  35  3:29  Probe  
  35  3:32  Probe  
  37  3:37  Warp Prism  
  39  3:41  Probe  
  39  3:44  Probe  
  39  3:47  Pylon  
  41  3:53  Probe  
  41  3:55  Stalker x2  
  46  3:56  Probe  
  46  3:59  Assimilator  
  46  4:01  Assimilator  
  47  4:05  Probe  
  47  4:09  Sentry  
  50  4:17  Sentry  
  50  4:21  Stalker, Gateway  
  54  4:28  Probe x2  
  54  4:31  Robotics Bay  
  56  4:34  Pylon  
  56  4:39  Stalker  
  56  4:40  Probe x2  
  61  4:54  Gateway  
  61  4:59  Stalker x2  
  66  5:03  Twilight Council  
  64  5:15  Nexus  
  64  5:21  Probe  
  64  5:23  Probe  
  64  5:24  Colossus  
  66  5:33  Probe  
  66  5:34  Charge  
  66  5:35  Probe  
  74  5:37  Pylon  
  74  5:45  Probe  
  74  5:47  Probe  
  76  6:06  Extended Thermal Lance  
  76  6:10  Colossus  
  76  6:19  Probe, Pylon  
  76  6:21  Pylon  
  83  6:31  Probe, Observer  
  84  6:34  Forge  
  84  6:35  Forge  
  84  6:37  Zealot x2, Gateway  
  84  6:38  Zealot  
  84  6:39  Gateway  
  90  6:48  Protoss Ground Weapons Level 1  
  90  6:49  Probe  
  90  6:50  Probe  
  90  6:51  Probe  
  90  6:52  Pylon  
  93  6:56  Protoss Ground Armor Level 1  
  93  7:01  Zealot x2, Probe, Observer  
  94  7:02  Zealot  
  100  7:11  Probe  
  100  7:14  Pylon x2  
  101  7:17  Sentry  
  101  7:18  Probe x2  
  101  7:20  Colossus  
  101  7:21  Assimilator  
  101  7:22  Assimilator  
  105  7:23  Probe  
  105  7:28  Zealot x2  
  110  7:30  Probe x2  
  110  7:35  Probe  
  119  7:37  Observer  
  119  7:42  Probe, Shield Battery  
  119  7:43  Probe  
  121  7:47  Probe  
  122  7:57  Gateway x2  
  122  8:04  Zealot  
  122  8:05  Zealot x2  
  128  8:08  Probe, Observer  
  128  8:11  Probe, Pylon  
  130  8:15  Gateway  
  130  8:17  Photon Cannon, Probe  
  132  8:20  Zealot x2, Probe  
  132  8:26  Blink  
  137  8:27  Zealot  
  137  8:28  Zealot, Protoss Ground Weapons Level 2  
  137  8:30  Observer  
  137  8:33  Zealot x2  
  137  8:34  Zealot  
  147  8:36  Protoss Ground Armor Level 2  
  147  8:55  Pylon x2  
  147  9:00  Zealot  
  149  9:03  Colossus  
  149  9:04  Pylon  
  149  9:07  Pylon  
  155  9:17  Stalker x2  
  159  9:25  Zealot x2  
  159  9:27  Zealot x3, Pylon  
  169  9:46  Nexus  
  169  9:48  Templar Archives  
  169  9:49  Stalker x4  
  169  9:52  Zealot x2  
  181  9:57  Probe  
  181  9:59  Shield Battery  
  182  10:01  Stalker x2  
  182  10:02  Stalker  
  188  10:09  Shield Battery  
  188  10:10  Pylon  
  188  10:11  Photon Cannon  
  188  10:24  Robotics Facility, Assimilator  
  188  10:27  Assimilator  
  188  10:28  Psionic Storm  
  188  10:30  High Templar  
  188  10:31  High Templar x2, Pylon  
  188  10:32  High Templar  
  196  10:36  Pylon  
  196  10:46  Shield Battery  
  196  10:47  Pylon  
  196  10:48  Gateway  
  196  10:49  Zealot  
  198  10:50  Zealot  
  198  10:51  Gateway  
  200  11:18  Protoss Ground Armor Level 3  
  200  11:28  Zealot x3, Protoss Ground Weapons Level 3  
  200  11:29  Zealot x3  
  174  11:33  Zealot x2, Colossus  
  152  11:40  Zealot x2  
  162  11:52  Zealot  
  162  11:53  Colossus  
  170  12:01  Zealot  
  170  12:02  Zealot x2  
  176  12:12  Colossus  
  176  12:17  High Templar  
  176  12:18  High Templar x3  
  176  12:19  Zealot  
  176  12:20  Zealot x2  
  190  12:24  Stalker x2  
  190  12:25  Archon  
  190  12:26  Archon  
  200  12:42  Pylon  
  200  12:44  Pylon  
  200  12:45  Photon Cannon  
  200  12:50  Archon  
  200  13:04  High Templar x2  
  200  13:07  High Templar  
  200  13:11  Pylon  
  200  13:26  Stargate  
  200  13:34  Stargate  
  188  13:55  Warp Prism  
  190  14:06  Protoss Shields Level 1  
  190  14:09  Colossus  
  186  14:25  Fleet Beacon  
  186  14:36  Nexus  
  138  14:54  Stalker  
  138  14:55  Stalker x2, Zealot x2  
  138  14:56  Zealot  
  132  15:04  Zealot x4  
  134  15:07  Archon  
  134  15:08  Stalker  
  134  15:09  Stalker  
  138  15:16  Observer  
  138  15:20  Tempest  
  138  15:21  Stalker, Tempest  
  134  15:27  Stalker x2  
  134  15:37  Assimilator  
  134  15:40  Stalker x3  
  134  15:42  Zealot x4, Assimilator  
  146  15:44  Pylon  
  146  15:47  Pylon  
  146  15:48  High Templar x2  
  152  15:51  Zealot x2, Pylon  
  152  15:52  Zealot  
  158  15:58  Tempest x2  
  168  16:11  Zealot x2  
  168  16:12  Zealot x2  
  168  16:18  Zealot x3  
  180  16:28  Zealot x3  
  184  16:35  Stalker x2  
  184  16:48  Probe  
  184  16:51  Colossus x2, Gateway  
  173  16:55  Gateway  
  94  17:08  Zealot  
  94  17:09  Zealot x3  
  94  17:11  Zealot x3  
  94  17:12  Zealot x2  
  94  17:14  Stalker x3  
  118  17:34  High Templar x4  
  118  17:35  Zealot x2  
  118  17:36  Zealot x2  
  134  17:40  Archon  
  134  17:41  Archon  
  134  17:43  Zealot x3  
  134  17:44  Zealot  
  142  17:47  Stalker  
  156  17:56  Stalker x2  
  156  17:57  Stalker x3  
Show
View Real Time Build Order
Export as new Build Order

Mez Terran - Winner!

Build Orders: Reaper Expand 

Get SALT Encoding   

  12  0:01  SCV  
  13  0:13  SCV  
  14  0:17  Supply Depot  
  14  0:25  SCV  
  15  0:39  SCV  
  15  0:41  Barracks  
  16  0:45  Refinery  
  16  0:51  SCV  
  17  1:03  SCV  
  18  1:15  SCV  
  19  1:28  Reaper, Orbital Command  
  20  1:42  Command Center  
  20  1:52  Barracks  
  20  1:55  SCV  
  20  2:00  Barracks Reactor  
  22  2:08  SCV  
  22  2:12  Barracks  
  22  2:16  Supply Depot  
  22  2:20  SCV  
  23  2:38  SCV  
  23  2:39  Marine x2  
  23  2:40  Barracks Tech Lab  
  26  2:50  SCV  
  27  2:55  Orbital Command  
  27  2:57  Marine x2  
  29  2:59  Concussive Shells, Marine, Marauder  
  29  3:02  SCV  
  33  3:14  SCV, Supply Depot  
  33  3:16  Marine x2  
  33  3:19  Marine  
  37  3:21  Marauder  
  37  3:22  SCV  
  37  3:26  SCV  
  41  3:35  SCV, Marine x2  
  41  3:36  Supply Depot  
  41  3:39  Marine  
  45  3:41  SCV, Marine  
  45  3:45  Stimpack  
  45  3:47  SCV  
  48  3:53  SCV, Marine x2  
  51  3:59  SCV  
  52  4:03  Supply Depot  
  52  4:09  Command Center  
  52  4:12  Marine x2  
  52  4:13  SCV  
  52  4:14  SCV  
  56  4:20  Factory  
  56  4:34  Marine  
  56  4:35  Marine x2  
  56  4:36  Marine  
  56  4:37  SCV x2  
  62  4:39  Refinery  
  62  4:40  Refinery  
  62  4:47  Engineering Bay  
  62  4:48  Engineering Bay  
  62  4:49  Refinery, SCV x2  
  64  5:01  SCV x2  
  64  5:02  Marine x2  
  64  5:03  Marine, Barracks Tech Lab  
  69  5:11  Starport, Factory Reactor  
  69  5:14  SCV  
  70  5:21  SCV  
  71  5:26  Barracks  
  71  5:28  Barracks  
  71  5:29  Marine x4  
  71  5:30  SCV  
  71  5:32  Orbital Command  
  71  5:33  SCV  
  77  5:36  Terran Infantry Armor Level 1, Terran Infantry Weapons Level 1  
  77  5:41  Supply Depot  
  77  5:45  Bunker  
  77  5:46  Marine  
  78  5:54  Medivac  
  78  5:55  Medivac  
  81  6:10  Marine x2  
  81  6:11  Marauder x2  
  85  6:16  Barracks Reactor, Barracks Tech Lab  
  85  6:19  SCV x3  
  88  6:26  Supply Depot  
  88  6:27  Starport, Supply Depot  
  88  6:29  Supply Depot  
  88  6:30  Medivac x2  
  92  6:33  Orbital Command  
  92  6:34  SCV  
  92  6:38  Combat Shield  
  93  6:40  SCV, Marine x2, Marauder x2  
  100  6:49  Marauder  
  100  6:53  Marine x2  
  104  6:59  SCV x3  
  107  7:02  Marauder  
  107  7:07  Medivac  
  107  7:08  Medivac  
  113  7:11  SCV x3  
  113  7:12  Armory  
  116  7:20  Supply Depot  
  116  7:21  Marine x3, Marauder x2  
  116  7:22  Marine  
  123  7:23  SCV, Supply Depot  
  123  7:28  Supply Depot  
  125  7:30  Ghost Academy  
  125  7:40  Factory Reactor  
  125  7:41  Viking  
  125  7:42  SCV x2, Marauder  
  125  7:44  Refinery, Starport  
  131  7:53  SCV, Supply Depot  
  131  7:54  SCV  
  131  7:55  Supply Depot  
  131  7:56  Refinery  
  131  7:57  Supply Depot  
  133  7:59  Marine x2, Marauder  
  133  8:00  Marine  
  138  8:07  Marine x2, Marauder  
  142  8:16  SCV  
  142  8:17  SCV x2  
  145  8:22  Supply Depot  
  145  8:29  Supply Depot  
  145  8:31  Marine x3, Marauder x3  
  154  8:40  SCV x3  
  157  8:47  Viking x3  
  163  8:51  Viking  
  163  8:52  SCV  
  166  9:00  Terran Infantry Armor Level 2, Terran Infantry Weapons Level 2  
  166  9:12  Missile Turret  
  166  9:15  Supply Depot  
  166  9:16  Missile Turret x3, Supply Depot  
  166  9:26  Viking x2  
  166  9:27  Viking x2  
  174  9:43  Ghost x3  
  174  9:44  Marine x4  
  183  9:58  Viking x2  
  187  10:02  Command Center  
  187  10:07  Terran Ship Weapons Level 1  
  187  10:13  Ghost x2  
  187  10:14  Ghost  
  193  10:22  Viking  
  193  10:23  Viking  
  197  11:25  Liberator x3  
  195  11:29  Marine  
  160  11:39  Marine x2  
  121  11:40  Marine, Marauder x3  
  121  11:41  Medivac  
  132  11:47  Marine  
  132  11:51  Barracks  
  132  11:52  Planetary Fortress, Barracks  
  132  11:54  Liberator  
  133  11:55  Barracks  
  133  11:57  Marine  
  133  12:01  Terran Infantry Armor Level 3, Terran Infantry Weapons Level 3, Marauder x2  
  138  12:05  Marine x3  
  138  12:06  Marauder  
  146  12:17  Refinery x2  
  146  12:18  Starport  
  146  12:21  Fusion Core  
  146  12:25  Sensor Tower  
  146  12:26  Sensor Tower  
  146  12:29  Viking x2  
  150  12:49  Ghost x2, Barracks Tech Lab  
  150  12:50  Barracks Tech Lab x2  
  154  13:07  Ghost  
  154  13:08  Command Center  
  156  13:17  Ghost  
  158  13:21  Ghost x2  
  158  13:22  Marine x2  
  158  13:23  Marine x2, Marauder x2  
  170  13:35  Marine  
  170  13:39  Viking x4, Starport Tech Lab  
  174  13:51  Liberator  
  174  13:52  Liberator  
  174  14:03  Advanced Ballistics  
  174  14:06  Terran Ship Weapons Level 2  
  178  14:29  Orbital Command  
  170  14:43  Missile Turret  
  170  14:44  Missile Turret  
  149  14:49  Marine x2, Marauder  
  149  14:50  Marine, Marauder x2  
  128  15:02  Marine, Marauder x2  
  128  15:03  Marauder  
  132  15:12  Marine x3, Marauder x2  
  132  15:13  Marine  
  140  15:20  Marine  
  140  15:22  Liberator x5  
  140  15:23  Marine  
  140  15:24  Marauder x2  
  137  15:30  Marine x4  
  137  15:34  Missile Turret, Marauder x2  
  137  15:35  Missile Turret x2  
  145  15:38  Marine  
  145  15:42  Marauder  
  163  15:45  Marauder x2  
  163  15:47  Command Center  
  163  15:48  Marine  
  168  15:57  Ghost x2  
  168  15:58  Marine x4  
  168  16:02  Ghost  
  178  16:05  Liberator x3  
  178  16:14  Marine, Marauder x2  
  191  16:29  Command Center  
  191  16:44  Viking x2  
  190  17:01  Marine x4, Marauder x3  
  170  17:02  Marauder  
  170  17:04  Viking  
  170  17:05  Viking  
  170  17:08  Marine x2  
  173  17:18  Marine x2  
  173  17:19  Marine  
  176  17:30  Ghost x3  
Tags
 
Add a new tag
Caveats
  • Supply blocks, unpowered buildings, or Contaminate may cause inaccurate times.
  • Supply counts are checked every 10 seconds.